 Dungeon Crawl Stone Soup version 0.17-a0-2215-g49c1de0 (webtiles) character file.

19 tp1 the Magician (level 2, 0/15 HPs)
             Began as a Deep Elf Conjurer on Oct 27, 2015.
             Slain by Terence
             ... wielding a +2 short sword of draining
              (1 damage)
             ... on level 2 of the Dungeon.
             The game lasted 00:03:51 (671 turns).

tp1 the Magician (Deep Elf Conjurer)                 Turns: 671, Time: 00:03:51

Health: 0/15       AC:  3    Str:  5    XL:     2   Next: 55%
Magic:  2/9        EV: 11    Int: 19    God:
Gold:   37         SH:  0    Dex: 15    Spells: 2 memorised, 6 levels left

rFire  . . .     SeeInvis .     i - +0 short sword
rCold  . . .     Clarity  .     h - +0 leather armour
rNeg   . . .     SustAt   .     (no shield)
rPois  .         Gourm    .     (no helmet)
rElec  .         Spirit   .     (no cloak)
rCorr  .         Warding  .     (no gloves)
rMut   .         Rnd*Tele +     (no boots)
MR     .....                    (no amulet)
Stlth  ++........               (no ring)
                                e - ring of teleportation (curse)

@: drained, not resistant to hostile enchantments, unstealthy
A: no striking features
a: Evoke Teleportation


You were on level 2 of the Dungeon.
You were not hungry.

You visited 1 branch of the dungeon, and saw 2 of its levels.

You collected 37 gold pieces.

Inventory:

Hand Weapons
 i - a +0 short sword (weapon)
Armour
 a - a +0 robe
 h - a +0 leather armour (worn)
Jewellery
 e - a cursed ring of teleportation (left hand)
 p - an uncursed ring of protection from magic {unknown}
Scrolls
 g - a scroll of identify {unknown}
 k - 3 scrolls of remove curse {unknown}
 l - a scroll of fog {unknown}
 m - a scroll of recharging {unknown}
 o - a scroll of amnesia {unknown}
Potions
 d - 3 potions of curing {unknown}
 j - a potion of agility {unknown}
Books
 b - a book of Conjurations

   Spells                             Type                      Level
   a - Magic Dart                     Conjuration                  1
   b - Searing Ray                    Conjuration                  2
   c - Dazzling Spray                 Conjuration/Hexes            3
   d - Fulminant Prism                Conjuration/Hexes            4
   e - Iskenderun's Mystic Blast      Conjuration                  4
   f - Iskenderun's Battlesphere      Conjuration/Charms           5
Comestibles
 c - a bread ration
 n - a meat ration


   Skills:
 - Level 2.4(1.4) Dodging
 - Level 2.4(1.4) Stealth
 + Level 4.4(3.4) Spellcasting
 - Level 4.3(3.3) Conjurations


You had 6 spell levels left.
You knew the following spells:

 Your Spells              Type           Power        Failure   Level  Hunger
a - Magic Dart            Conj           ###.         8%          1    None
b - Searing Ray           Conj           ###...       12%         2    ##.....


Dungeon Overview and Level Annotations

Branches:
Dungeon (2/15)

Altars:
Xom

Annotations:
D:2 Terence


Message History

You hit Terence but do no damage.
Terence is moderately wounded.
Terence hits you with a short sword of draining.
You feel drained.
You hit Terence but do no damage.
Terence is moderately wounded.
Terence closely misses you.
Casting: Searing Ray
Confirm with . or Enter, or press ? or * to list all spells.
Aiming: Searing Ray
Press: ? - help, Shift-Dir - straight line, f/p - Terence
Aim: Terence, wielding a short sword of draining and wearing a runed scale mail (moderately wounded)
The searing ray misses Terence.
Terence hits you but does no damage.
You feel drained.
The searing ray hits Terence.
Terence is moderately wounded.
Terence hits you with a short sword of draining!
* * * LOW HITPOINT WARNING * * *
You feel drained.
You die...

#... ####..
#..... #.....
#....# #....#
#....#
≈.##...<#
≈......@#
####....@....#
#.........#
...........#
#######.....#
#...## #.## ##


You could see Terence.

Vanquished Creatures
  A ball python (D:1)
  3 giant cockroaches (D:1)
  5 bats (D:1)
  2 giant newts (D:1)
  2 goblins (D:1)
  2 kobolds (D:1)
  5 rats (D:1)
20 creatures vanquished.

Notes
Turn   | Place    | Note
--------------------------------------------------------------
     0 | D:1      | tp1 the Deep Elf Conjurer began the quest for the Orb.
     0 | D:1      | Reached XP level 1. HP: 10/10 MP: 6/6
   228 | D:1      | Reached XP level 2. HP: 15/15 MP: 6/8
   255 | D:1      | Learned a level 2 spell: Searing Ray
   405 | D:1      | Found a shimmering altar of Xom.
   661 | D:2      | Noticed Terence
   671 | D:2      | Slain by Terence

Vault maps used:
D:1:      lightli_arrival_windingriver, st_stairs_13, dk_noncrumbling_3,
          xom_teletrap_fun
D:2:      hangedman_feature_mirror, tso_metal_star, uniq_terence,
          uniq_crazy_yiuf_cottage

Action                   || total
-------------------------++-------
Melee: Short sword       ||     2
 Cast: Magic Dart        ||    36
       Searing Ray       ||     2
